AoeStats
← Westbergen

Nomad

510169973Analyzed
3v3 RM · 3d ago on Sep 29, 2026· 51m 50s· 6 players
Game mode
Random Map
Map size
210×210
Population
200
Speed
Normal
Resources
Standard
Victory
Conquest
Starting age
Dark Age
Ending age
Imperial Age
RankedLock teamsTeams togetherTeam positionsShared explorationLock speedFull tech treeHidden civsTurbo modeCheats
Victory
Defeat
🇨🇭 Magyars · Switzerland
1152
+16
🇨🇭 Italians · Switzerland
1146
+16
🇨🇭 Japanese · Switzerland
1115
+18
🇸🇪 Danes · Sweden
1188
-18
🇸🇪 Dravidians · Sweden
1176
-18
🇸🇪 Lithuanians · Sweden
1098
-14
Fjschj
4:55 Loom
13:37 Feudal Age
14:36 Double-Bit Axe
14:40 Man-at-Arms
15:38 Fishing Lines
16:11 Gold Mining
17:55 Arson
18:50 Scale Barding Armor
18:55 Forging
18:52 Scale Mail Armor
21:34 Castle Age
21:09 Stone Mining
22:59 Medium Warships
23:07 Fletching
31:15 Imperial Age
29:47 Gold Shaft Mining
30:24 Elite Skirmisher
33:13 Bow Saw
32:44 Horse Collar
36:07 Bodkin Arrow
37:07 Conscription
43:24 Chain Mail Armor
43:44 Iron Casting
45:32 Squires
45:18 Gambesons
46:47 Plate Mail Armor
47:17 Blast Furnace
46:50 Heavy Plow
48:46 Kataparuto
48:28 Bracer
48:29 Padded Archer Armor
49:17 Elite Samurai
MC_Jumlox
6:42 Loom
6:50 Loom
14:42 Feudal Age
15:52 Fishing Lines
16:48 Town Watch
17:03 Double-Bit Axe
17:42 Bloodlines
21:43 Castle Age
20:52 Wheelbarrow
20:52 Scale Barding Armor
22:12 Horse Collar
22:54 Husbandry
24:02 Fletching
25:19 Gold Mining
25:31 Light Cavalry
26:22 Bodkin Arrow
27:24 Hand Cart
29:11 Bow Saw
30:57 Chain Barding Armor
31:55 Heavy Plow
32:16 Padded Archer Armor
35:03 Imperial Age
32:39 Stone Mining
34:04 Gold Shaft Mining
35:19 Ballistics
37:00 Chemistry
35:28 Capped Ram
36:20 Cavalier
37:48 Conscription
39:20 Hoardings
44:21 Paladin
49:51 Bracer
52:00 Crop Rotation
donloco
4:15 Loom
13:02 Feudal Age
13:54 Double-Bit Axe
15:10 Town Watch
15:08 Fishing Lines
18:44 Castle Age
21:28 Fletching
23:06 Wheelbarrow
22:44 Bow Saw
23:51 Horse Collar
26:59 Padded Archer Armor
33:07 Imperial Age
31:34 Bodkin Arrow
31:55 Leather Archer Armor
32:38 Heavy Plow
33:20 Ballistics
32:41 Treadmill Crane
34:10 Conscription
34:03 Bracer
36:04 Chemistry
36:27 Hand Cart
37:32 Elite Genoese Crossbowman
38:52 Elite Skirmisher
41:56 Ring Archer Armor
49:57 Scale Mail Armor
50:07 Forging
51:20 Thumb Ring
Westbergen
10:59 Loom
14:47 Feudal Age
17:37 Wheelbarrow
17:14 Scale Barding Armor
17:20 Forging
17:02 Fletching
20:02 Castle Age
18:39 Double-Bit Axe
23:03 Bow Saw
30:05 Bloodlines
30:37 Horse Collar
36:04 Imperial Age
33:50 Bodkin Arrow
33:56 Padded Archer Armor
35:47 Hand Cart
35:54 Chain Barding Armor
36:10 Iron Casting
37:06 Cavalier
37:47 Husbandry
38:50 Light Cavalry
46:09 Pikeman
46:50 Squires
48:54 Bracer
48:56 Scale Mail Armor
48:21 Elite Skirmisher
50:07 Paladin
J.D.Rehn
14:32 Feudal Age
14:57 Fishing Lines
15:07 Double-Bit Axe
15:12 Loom
15:20 Gold Mining
18:43 Fletching
24:14 Castle Age
26:40 Medium Warships
26:22 Gillnets
29:10 Bow Saw
30:04 Bodkin Arrow
32:18 Ballistics
35:03 Gold Shaft Mining
40:42 Imperial Age
38:23 Scale Mail Armor
38:48 Gambesons
39:04 Squires
38:56 Horse Collar
41:10 Chain Mail Armor
41:06 Forging
41:38 Elite Varangian Guard
42:56 Plate Mail Armor
44:12 Wheelbarrow
43:31 Arson
46:48 Iron Casting
Tyremeus
4:56 Loom
13:58 Feudal Age
15:14 Double-Bit Axe
18:37 Castle Age
19:31 Fletching
20:49 Bodkin Arrow
22:46 Bow Saw
23:25 Horse Collar
25:38 Medium Warships
27:41 Heavy Plow
28:45 Wheelbarrow
34:33 Imperial Age
32:20 Padded Archer Armor
34:07 Thumb Ring
34:06 Husbandry
35:21 Ballistics
36:05 Gold Mining
37:13 Bracer
48:55 Elite Skirmisher
Connection lost

Rejoining the realm…

Still unreachable

The connection could not be restored.

Session expired

The server has moved on; the page needs a fresh start.